 Dungeon Crawl Stone Soup version 0.28.0-43-g3370ac3207 (webtiles) character file.

Game seed: 1642153304780238442

125 demenzo the Skirmisher (level 5, 0/57 HPs)
             Began as an Ogre Cinder Acolyte on Mar 24, 2022.
             Was a High Priest of Ignis.
             Slain by Pargi (3 damage)
             ... in a sewer.
             The game lasted 00:02:55 (3149 turns).

demenzo the Skirmisher (Ogre Cinder Acolyte)        Turns: 3149, Time: 00:02:56

Health: 0/57       AC:  3    Str: 18    XL:     5   Next: 9%
Magic:  9/9        EV:  9    Int: 17    God:    Ignis [*****.]
Gold:   68         SH:  0    Dex:  4    Spells: 9/9 levels left

rFire   + . .      SeeInvis .   a - -1 mace (flame)
rCold   . . .      Faith    .   (no shield)
rNeg    . . .      Spirit   .   b - +0 robe
rPois   .          Reflect  .   (helmet restricted)
rElec   .          Harm     .   (no cloak)
rCorr   .          Rampage  .   (gloves unavailable)
Will    .....                   (boots unavailable)
Stlth   +.........              (no amulet)
HPRegen 0.19/turn               (no ring)
MPRegen 0.11/turn               (no ring)

@: no status effects
A: large, unfitting armour, tough skin 1
a: Renounce Religion, Fiery Armour, Foxfire Swarm, Rising Flame


You were in a sewer.
You worshipped Ignis.
Ignis was extremely pleased with you.
You visited 1 branch of the dungeon, and saw 3 of its levels.
You also visited: Sewer.

You collected 68 gold pieces.

Inventory:

Hand Weapons
 a - a -1 mace of flaming (weapon)
Missiles
 l - 2 throwing nets (quivered)
 m - 2 boomerangs
Armour
 b - a +0 robe (worn)
Scrolls
 f - a scroll of teleportation
 i - a scroll of fear {unknown}
 j - a scroll of fog {unknown}
Potions
 c - a potion of berserk rage {unknown}
 e - a potion of heal wounds {unknown}
 h - a potion of curing {unknown}
 k - a potion of attraction {unknown}
 n - a potion of flight {unknown}


   Skills:
 + Level 5.0 Fighting
 * Level 4.0 Maces & Flails
 + Level 2.7 Spellcasting
 - Level 2.8 Fire Magic


You had 9 spell levels left.
You didn't know any spells.
Your spell library contained the following spells:

 Spells                   Type           Power      Damage    Failure   Level
 Scorch                   Fire           22%        2d6       9%          2


Dungeon Overview and Level Annotations

Branches:
Dungeon (3/15)              Sewer (1/1)

Altars:

Annotations:
Sewer Pargi


Innate Abilities, Weirdness & Mutations

You are too large for most types of armour.
You have tough skin. (AC +1)


Message History

You hit Pargi but do no damage. Pargi bites you. Pargi closely misses you.
Pargi claws you but does no damage.
You barely miss Pargi. You punch Pargi.
Pargi is lightly wounded.
Pargi completely misses you. Pargi claws you. x2
You thump Pargi! You burn Pargi.
Pargi is moderately wounded.
Pargi bites you. Pargi barely misses you. Pargi claws you.
Pargi barely misses you. x3
Unknown command.
You miss Pargi.
Pargi is moderately wounded.
Pargi barely misses you. Pargi closely misses you. Pargi claws you.
Unknown command.
You closely miss Pargi.
Pargi is moderately wounded.
Pargi bites you!
* * * LOW HITPOINT WARNING * * *
Pargi misses you. Pargi claws you.
* * * LOW HITPOINT WARNING * * *
Unknown command.
You hit Pargi. You burn Pargi.
Pargi is moderately wounded.
Pargi bites you but does no damage. Pargi misses you. Pargi barely misses you.
Unknown command.
You hit Pargi. You burn Pargi.
Pargi is heavily wounded.
Pargi barely misses you. Pargi claws you but does no damage. Pargi claws you.
* * * LOW HITPOINT WARNING * * *
You hit Pargi. You burn Pargi.
Pargi is heavily wounded.
Pargi closely misses you. x2; Pargi claws you.
* * * LOW HITPOINT WARNING * * *
Pargi bites you.
* * * LOW HITPOINT WARNING * * *
Pargi claws you but does no damage. Pargi barely misses you.
You sock Pargi! You burn Pargi.
Pargi is severely wounded.
Pargi bites you.
You die...

#≈≈≈ #≈≈≈
#≈≈≈ #######
+.≈≈≈.+
#.≈≈≈.#
#.≈≈≈.####
+.≈≈≈@T..#
#.≈≈≈.####
#.≈≈≈.####
+.≈≈≈.').#
#.≈≈≈.####
####.≈≈≈.####
#∩....∩..'..#
####.≈≈≈.####
#.≈≈≈.####


You could see Pargi.

Vanquished Creatures
  A kobold brigand (Sewer)
  An adder (D:2)
  3 endoplasms (D:1)
  3 giant cockroaches
  3 goblins
  6 hobgoblins
  2 jackals (D:2)
  5 quokkas
  4 ball pythons (D:1)
  6 bats
  3 frilled lizards (D:1)
  2 kobolds
  3 rats
42 creatures vanquished.

Notes
Turn   | Place    | Note
-------+----------+-------------------------------------------
     0 | D:1      | demenzo the Ogre Cinder Acolyte began the quest for the
                  | Orb.
     0 | D:1      | Reached XP level 1. HP: 24/24 MP: 2/2
   357 | D:1      | Reached XP level 2. HP: 14/32 MP: 2/4
  1090 | D:1      | Reached XP level 3. HP: 40/40 MP: 5/5
  1935 | D:2      | Found a faded altar of an unknown god.
  1943 | D:2      | Identified the +0 quarterstaff of Extinguishment {freeze,
                  | Will- Int+3 Dex+2}
  2595 | D:3      | Found a glowing drain.
  2844 | Sewer    | Entered a sewer
  2888 | Sewer    | Noticed a kobold brigand
  2898 | Sewer    | Killed a kobold brigand
  2899 | Sewer    | Reached skill level 5 in Fighting
  2899 | Sewer    | Reached XP level 4. HP: 11/50 MP: 6/8
  2899 | Sewer    | Reached XP level 5. HP: 12/57 MP: 6/9
  3137 | Sewer    | Noticed Pargi
  3149 | Sewer    | Slain by Pargi

Illustrated notes

Levels and vault maps discovered:
D:1:      dpeg_arrival_rooms_a, layout_loops_cross, kennysheep_flooded_box
D:2:      layout_basic, ebering_ecumenical_altar_box, hangedman_glass_teeth,
          serial_bayou_ford_a
D:3:      layout_loops_ring, gup_sewer_entry_pipe, ebering_ghost_reflecting_pool
Sewer:    kennysheep_door_sewer

Skill      XL: |  1  2  3 |
---------------+----------+-----
Maces & Flails | 3 4 |  4.0
Spellcasting   | 2 |  2.7
Fighting       | 5 |  5.0
Fire Magic     | |  2.8

Action                   |  1- 3 |  4- 6 || total
-------------------------+-------+-------++-------
Melee: Mace              |   173 |    12 ||   185
       Punch             |     1 |     1 ||     2
Invok: Fiery Armour      |     1 |       ||     1
  Use: Scroll            |     3 |       ||     3
Armor: Robe              |    69 |     7 ||    76
Dodge: Dodged            |   100 |    18 ||   118
